 Dungeon Crawl Stone Soup version 0.19.0 (webtiles) character file.

99 Charmandara the Vexing (level 4, -4/25 HPs)
             Began as a Deep Elf Enchanter on Nov 2, 2016.
             Slain by a gnoll
             ... wielding a +0 halberd
              (13 damage)
             ... on level 3 of the Dungeon.
             The game lasted 00:07:58 (2232 turns).

Charmandara the Vexing (Deep Elf Enchanter)         Turns: 2232, Time: 00:07:59

Health: -4/25      AC:  4    Str:  5    XL:     4   Next: 45%
Magic:  1/12       EV: 13    Int: 21    God:
Gold:   68         SH:  0    Dex: 15    Spells: 4 memorised, 2 levels left

rFire  . . .     SeeInvis .     a - +1 dagger
rCold  . . .     Gourm    .     b - +1 robe
rNeg   + . .     Faith    .     (no shield)
rPois  .         Spirit   .     (no helmet)
rElec  .         Reflect  .     (no cloak)
rCorr  .         Harm     .     e - +0 pair of gloves
MR     .....                    (no boots)
Stlth  +++.......               (no amulet)
                                (no ring)
                                l - ring of positive energy

@: no status effects
A: no striking features
a: no special abilities


You were on level 3 of the Dungeon.
You were not hungry.

You visited 1 branch of the dungeon, and saw 3 of its levels.

You collected 68 gold pieces.

Inventory:

Hand Weapons
 a - a +1 dagger (weapon)
Missiles
 o - 13 poisoned needles
 p - 91 stones (quivered)
 q - 19 sling bullets
 s - 78 arrows
Armour
 b - a +1 robe (worn)
 e - a +0 pair of gloves (worn)
 n - a +0 leather armour
Jewellery
 l - a ring of positive energy (left hand)
Scrolls
 k - a scroll of identify {unknown}
Potions
 h - a potion of cure mutation {unknown}
 i - 2 potions of curing
 j - 2 potions of haste {unknown}
 r - a potion of flight {unknown}
 t - a potion of lignification {unknown}
Books
 c - a book of Maledictions

   Spells                             Type                      Level
   a - Corona                         Hexes                        1
   b - Ensorcelled Hibernation        Hexes/Ice                    2
   c - Confuse                        Hexes                        3
   d - Tukima's Dance                 Hexes                        3
   e - Dazzling Spray                 Conjuration/Hexes            3
Comestibles
 d - 2 bread rations
 f - 2 chunks of flesh
 g - 2 beef jerkies
 m - 2 meat rations


   Skills:
 - Level 1.0 Fighting
 - Level 1.0 Short Blades
 - Level 2.4 Dodging
 + Level 4.0 Stealth
 + Level 4.4 Spellcasting
 * Level 1.5 Conjurations
 + Level 4.5 Hexes
 * Level 1.4 Ice Magic


You had 2 spell levels left.
You knew the following spells:

 Your Spells              Type           Power        Failure   Level  Hunger
a - Ensorcelled Hibernat  Hex/Ice        ###...       6%          2    #......
b - Dazzling Spray        Conj/Hex       ###...       12%         3    ##.....
c - Confuse               Hex            ###.....     6%          3    ##.....
v - Corona                Hex            ###....      1%          1    None


Dungeon Overview and Level Annotations

Branches:
Dungeon (3/15)

Altars:


Message History

The helpless gnoll fails to defend itself.
You puncture the gnoll!
You kill the gnoll!
The gnoll hits you with a halberd!
Casting: Ensorcelled Hibernation
Confirm with . or Enter, or press ? or * to list all spells.
Aiming: Ensorcelled Hibernation
Press: ? - help, Shift-Dir - straight line, f - gnoll
Aim: a gnoll, wielding a halberd (chance to defeat MR: 56%)
The gnoll resists with significant effort.
The gnoll barely misses you.
Casting: Ensorcelled Hibernation
Confirm with . or Enter, or press ? or * to list all spells.
Aiming: Ensorcelled Hibernation
Press: ? - help, Shift-Dir - straight line, f/p - gnoll
Aim: a gnoll, wielding a halberd (chance to defeat MR: 56%)
The gnoll resists with significant effort.
The gnoll hits you with a halberd!
Ouch! That really hurt!
You die...

##......................#####
#####..............########.#####
#...............##......÷........
.......................#########.
.......†..g......<...### #...# #.
.............g...##....###...###.
h.............##.# ##............
..............##g# #..)........
h..............#@# #...........
h..............#.# ##.######...#
...............#.# #..##[....#.#
...................##.###.##.....
......#......###.##.....
..$..............##.....
....#...............<... .###
#.........###......
#..................


You could see a gnoll.

Vanquished Creatures
  2 adders
  A gnoll (D:3)
  A worm (D:3)
  2 dart slugs
  A leopard gecko (D:1)
  An orc (D:3)
  3 giant cockroaches
  10 goblins
  5 hobgoblins (D:2)
  8 jackals
  4 kobolds
  4 quokkas (D:2)
  5 bats
  4 frilled lizards
  7 rats
58 creatures vanquished.

Notes
Turn   | Place    | Note
-------+----------+-------------------------------------------
     0 | D:1      | Charmandara the Deep Elf Enchanter began the quest for the Orb.
     0 | D:1      | Reached XP level 1. HP: 10/10 MP: 6/6
   104 | D:1      | Reached skill level 1 in Fighting
   281 | D:1      | Reached XP level 2. HP: 16/16 MP: 6/8
   392 | D:1      | Learned a level 2 spell: Ensorcelled Hibernation
  1007 | D:2      | Reached XP level 3. HP: 20/20 MP: 2/10
  1232 | D:2      | Learned a level 3 spell: Confuse
  1236 | D:2      | Learned a level 3 spell: Dazzling Spray
  1443 | D:2      | Reached skill level 1 in Ice Magic
  2093 | D:3      | Reached skill level 1 in Conjurations
  2093 | D:3      | Reached XP level 4. HP: 25/25 MP: 12/12
  2232 | D:3      | Slain by a gnoll

Skill      XL: |  1  2  3  4 |
---------------+-------------+-----
Fighting       | 1 |  1.0
Spellcasting   | 4 |  4.4
Ice Magic      | 1 |  1.4
Conjurations   | 1 |  1.5
Stealth        | 4 |  4.0
Short Blades   | |  1.0
Dodging        | |  2.4
Hexes          | |  4.5

Action                   |  1- 3 |  4- 6 || total
-------------------------+-------+-------++-------
Melee: Dagger            |   151 |    15 ||   166
 Cast: Corona            |     9 |       ||     9
       Ensorcelled Hiber |    35 |    10 ||    45
  Use: Scroll            |     4 |       ||     4
       Potion            |     1 |       ||     1
 Stab: Sleeping          |    27 |     9 ||    36
  Eat: Chunk             |     3 |     2 ||     5
Armor: Robe              |    44 |     6 ||    50
Dodge: Dodged            |   138 |    12 ||   150
